 Dungeon Sprint DCSS version 0.28.0-1-gb440e238dd (webtiles) character file.

Game seed: 3895466278868347855

2720 Groucho the Imperceptible (level 9, 0/76 HPs)
             Began as a Felid Berserker on Feb 18, 2022.
             Was a High Priest of Trog.
             Slain by the 27-headed Lernaean hydra (5 damage)
             ... in the Dungeon (Sprint I: "Red Sonja").
             The game lasted 00:08:56 (3492 turns).

Groucho the Imperceptible (Felid Berserker)         Turns: 3492, Time: 00:08:57

Health: 0/76       AC:  4    Str: 13      XL:     9   Next: 39%
Magic:  10/10      EV: 31    Int:  9      God:    Trog [*****.]
Gold:   2358       SH:  0    Dex: 19 (20) Spells: 8/8 levels left
                                        Lives:  0   Deaths: 2

rFire   + . .      SeeInvis +     - Unarmed
rCold   . . .      Faith    .   (shield unavailable)
rNeg    . . .      Spirit   .   (armour unavailable)
rPois   +          Reflect  .   (helmet unavailable)
rElec   .          Harm     .   (cloak unavailable)
rCorr   .          Rampage  .   (gloves unavailable)
Will    +....      NoTele   +   (boots unavailable)
Stlth   ..........              (no amulet)
HPRegen 1.02/turn               j - ring of protection from fire
MPRegen 0.12/turn               m - ring of poison resistance

@: berserking, very quick
A: very small, claws 1, fangs 3, see invisible, speed 1, shaggy fur 2, stealthy
paws, no weapons or thrown items, no armour, multi-lived, iridescent scales 1,
deterioration 1, sense surroundings 1, regeneration 1
a: Renounce Religion, Berserk, Trog's Hand, Brothers in Arms


You were in the Dungeon.
You worshipped Trog.
Trog was extremely pleased with you.
You visited 1 branch You collected 2918 gold pieces.
You spent 560 gold pieces at shops.

Inventory:

Jewellery
 j - a ring of protection from fire (left paw)
 m - a ring of poison resistance (right paw)
 n - a ring of ice
Wands
 g - a wand of iceblast (7)
 i - a wand of flame (8)
Scrolls
 b - a scroll of magic mapping {unknown}
 f - a scroll of immolation {unknown}
 k - a scroll of summoning {unknown}
 l - a scroll of fear {unknown}
Potions
 a - a potion of curing
 c - a potion of haste
 d - 2 potions of magic
 e - a potion of berserk rage
 h - a potion of mutation


   Skills:
 + Level 13.5 Fighting
 + Level 17.2 Dodging
 + Level 23.9 Stealth
 + Level 13.5 Unarmed Combat


You had 8 spell levels left.
You didn't know any spells.
Your spell library was empty.

Dungeon Overview and Level Annotations

Branches:
Dungeon (1/1)

Altars:
Cheibriados
Dithmenos
Elyvilon
Fedhas
Gozag
Hepliaklqana
Kikubaaqudgha
Makhleb
Nemelex Xobeh
Okawaru
Qazlal
Ru
Sif Muna
Trog
Uskayaw
Vehumet
Wu Jian
Xom
Yredelemnul
Zin
The Shining One
Jiyva
Lugonu

Shops:
D ***((*(:(=*?!=[[*

Annotations:
D Lernaean hydra


Innate Abilities, Weirdness & Mutations

You have sharp claws.
You have razor-sharp teeth.
You have supernaturally acute eyesight. (SInv)
You cover ground quickly. (Speed+)
You are covered in thick fur. (AC +2)
Your paws help you pounce on unaware monsters.
You are incapable of wielding weapons or throwing items.
You cannot wear armour.
You gain extra lives every three experience levels.
You are partially covered in iridescent scales. (AC +2)
Your body sometimes deteriorates upon taking damage.
You passively map a small area around you.
Your natural rate of healing is unusually fast.


Message History

You now have 2250 gold pieces (gained 27).
You now have 2277 gold pieces (gained 27).
You are engulfed in freezing vapours.
Found 54 gold pieces.
You are engulfed in freezing vapours.
You see here 27 gold pieces.
Found 54 gold pieces.
You are engulfed in freezing vapours.
* * * LOW HITPOINT WARNING * * *
You see here a fuming cyan potion.
Found 27 gold pieces.
You are engulfed in freezing vapours.
You die...
You are now level 9!
You rejoin the land of the living...
You now have 2304 gold pieces (gained 27).
You are engulfed in freezing vapours.
You now have 2331 gold pieces (gained 27).
You are engulfed in freezing vapours.
You now have 2358 gold pieces (gained 27).
The 27-headed Lernaean hydra comes into view.
Found 27 gold pieces.
It was a potion of mutation.
You feel extremely strange.
You feel a strange attunement to the structure of the dungeons.
You begin to heal more quickly.
You feel yourself wasting away.
Iridescent scales grow over part of your body.
Okay, then.
Found 54 gold pieces.
The 27-headed Lernaean hydra roars deafeningly!
You hear a shout!
A deep elf master archer comes into view.
There is an open door here.
A red film seems to cover your vision as you go berserk!
You feel yourself moving faster!
You feel mighty! The 27-headed Lernaean hydra bites you!
The 27-headed Lernaean hydra bites you but does no damage.
The 27-headed Lernaean hydra bites you!
* * * LOW HITPOINT WARNING * * *
Your body deteriorates!
You feel clumsy. The 27-headed Lernaean hydra bites you!
* * * LOW HITPOINT WARNING * * *
The 27-headed Lernaean hydra bites you.
You die...

* ≈
#§§....§§....#!#
, *
#.....}..§...#°#
##..........##$#
#$$$$$$$$$$#$$#
≈
##$$$$$$$$##.$#
##(()$=)##..$# ,
≈ ########..$$#
≈#≈≈≈≈≈#....$# ,
≈≈'≈≈.≈D@..○.$#
, ≈#≈≈≈≈≈#≈≈☼○.#
, ###'#####≈○°#
≈≈ ≈≈≈≈##°○# *
≈≈e ≈ ≈ ≈≈≈# , *
$$ ≈≈# ' $ ,
≈#≈# *


You could see the 27-headed Lernaean hydra and a deep elf master archer.

Vanquished Creatures
  A lorocyproca (D)
  A hydra (D)
  2 centaur warriors (D)
  Sonja (D)
  A deep troll (D)
  A lindwurm (D)
  An oklob plant (D)
  A gargoyle (D)
  2 unseen horrors (D)
  4 demonic crawlers (D)
  A kobold demonologist (D)
  A hornet (D)
  A slime creature (D)
  Sigmund (D)
  A yak (D)
  13 hogs (D)
  2 redbacks (D)
  2 floating eyes (D)
  7 necrophages (D)
  An ogre (D)
  8 jellies (D)
  Ijyb (D)
54 creatures vanquished.

Vanquished Creatures (collateral kills)
  A kobold demonologist (D)
  A floating eye (D)
2 creatures vanquished.

Grand Total: 56 creatures vanquished

Notes
Turn   | Place    | Note
-------+----------+-------------------------------------------
     0 | D        | Groucho the Felid Berserker began the quest for the Orb.
     0 | D        | Reached XP level 1. HP: 10/10 MP: 2/2
     2 | D        | Noticed Ijyb
    14 | D        | Killed Ijyb
    15 | D        | Reached skill level 8 in Stealth
    15 | D        | Reached XP level 2. HP: 14/14 MP: 3/3
   249 | D        | Noticed an ogre
   251 | D        | Killed an ogre
   252 | D        | Reached skill level 12 in Stealth
   252 | D        | Reached XP level 3. HP: 17/17 MP: 4/4
   252 | D        | Reached XP level 4. HP: 21/21 MP: 5/5
   266 | D        | Noticed Sigmund
   268 | D        | Killed Sigmund
   268 | D        | Reached ** piety under Trog
   269 | D        | Reached skill level 17 in Stealth
   269 | D        | Reached XP level 5. HP: 24/24 MP: 6/6
   281 | D        | Found a shimmering blue altar of Sif Muna.
   282 | D        | Found an ornate altar of the Wu Jian Council.
   283 | D        | Found a radiant altar of Vehumet.
   288 | D        | Gained mutation: You are covered in thick fur. (AC +2)
                  | [Felid growth]
   288 | D        | Reached XP level 6. HP: 28/28 MP: 7/7
   305 | D        | Found Hefis's General Store.
   305 | D        | Found an ancient bone altar of Kikubaaqudgha.
   305 | D        | Found a hazy altar of Hepliaklqana.
   305 | D        | Found a stormy altar of Qazlal.
   305 | D        | Found a hide-covered altar of Uskayaw.
   305 | D        | Found a blossoming altar of Fedhas.
   305 | D        | Found a bloodstained altar of Trog.
   305 | D        | Found an iron altar of Okawaru.
   305 | D        | Found a basalt altar of Yredelemnul.
   305 | D        | Found a glowing golden altar of the Shining One.
   305 | D        | Found a snail-covered altar of Cheibriados.
   305 | D        | Found a sacrificial altar of Ru.
   305 | D        | Found a glowing silver altar of Zin.
   305 | D        | Found a shadowy altar of Dithmenos.
   305 | D        | Found a white marble altar of Elyvilon.
   305 | D        | Noticed a yak
   306 | D        | Found an opulent altar of Gozag.
   307 | D        | Killed a yak
   328 | D        | Found a sparkling altar of Nemelex Xobeh.
   350 | D        | Found a burning altar of Makhleb.
   350 | D        | Found a shimmering altar of Xom.
   350 | D        | Noticed a slime creature
   351 | D        | Found a viscous altar of Jiyva.
   351 | D        | Found a corrupted altar of Lugonu.
   363 | D        | Killed a slime creature
   364 | D        | Reached skill level 5 in Fighting
   364 | D        | Reached skill level 18 in Stealth
   364 | D        | Reached skill level 5 in Unarmed Combat
   364 | D        | Reached XP level 7. HP: 34/34 MP: 8/8
   634 | D        | Noticed a centaur warrior
   635 | D        | Noticed a centaur warrior
   636 | D        | Killed a centaur warrior
   636 | D        | Reached *** piety under Trog
   637 | D        | Reached skill level 19 in Stealth
   637 | D        | Reached XP level 8. HP: 40/40 MP: 9/9
   637 | D        | Killed a centaur warrior
   649 | D        | Noticed a hornet
   652 | D        | Killed a hornet
   653 | D        | Reached skill level 20 in Stealth
   653 | D        | Reached XP level 9. HP: 45/45 MP: 10/10
   657 | D        | Noticed an oklob plant
   667 | D        | Killed an oklob plant
   855 | D        | Reached **** piety under Trog
   889 | D        | Noticed an unseen horror
   890 | D        | Noticed an unseen horror
   907 | D        | Killed an unseen horror
   914 | D        | Killed an unseen horror
   915 | D        | Reached skill level 10 in Fighting
   915 | D        | Reached skill level 21 in Stealth
   915 | D        | Reached skill level 10 in Unarmed Combat
  1176 | D        | Reached ***** piety under Trog
  1241 | D        | Reached ****** piety under Trog
  1490 | D        | Reached XP level 10. HP: 51/51 MP: 11/11
  1510 | D        | Found Seduowicw's Antique Weapon Shoppe.
  1510 | D        | Found Fedyt's Assorted Antiques.
  1510 | D        | Found Cewnecva's Weapon Boutique.
  1512 | D        | Found Xeff's Assorted Antiques.
  1512 | D        | Found Baomionk's Antique Weapon Shop.
  1512 | D        | Found Iqigrig's Book Shoppe.
  1512 | D        | Found Ariacyny's Antique Weapon Boutique.
  1512 | D        | Found Wiraggod's Jewellery Emporium.
  1512 | D        | Found Ywasm's General Store.
  1512 | D        | Found Vaele's Magic Scroll Shoppe.
  1516 | D        | Found Uquximif's Distillery.
  1517 | D        | Found Ymodanig's Antique Armour Emporium.
  1517 | D        | Found Wookhas's Jewellery Boutique.
  1518 | D        | Found Woraolex's Assorted Antiques.
  1528 | D        | Bought a ring of protection from fire for 300 gold pieces
  1575 | D        | Noticed a deep troll
  1577 | D        | Killed a deep troll
  1589 | D        | Found Mywusecife's Armour Emporium.
  1601 | D        | Noticed Sonja
  1604 | D        | Killed Sonja
  1605 | D        | Reached skill level 22 in Stealth
  1621 | D        | Found Zafaot's General Store.
  1668 | D        | Paralysed by a floating eye for 4 turns
  1995 | D        | Reached skill level 15 in Dodging
  2050 | D        | Bought a ring of poison resistance for 260 gold pieces
  2099 | D        | Noticed a gargoyle
  2102 | D        | Killed a gargoyle
  2399 | D        | Noticed a lorocyproca
  2404 | D        | Killed a lorocyproca
  2405 | D        | Reached skill level 23 in Stealth
  2405 | D        | Reached XP level 11. HP: 57/57 MP: 12/12
  2910 | D        | Noticed a lindwurm
  2915 | D        | Killed a lindwurm
  3335 | D        | Noticed a 12-headed hydra
  3337 | D        | Killed a 12-headed hydra
  3410 | D        | Noticed a shadow dragon
  3410 | D        | Noticed a golden dragon
  3419 | D        | Killed from afar by a golden dragon
  3420 | D        | Reached XP level 10. HP: -20/52 MP: 11/11
  3480 | D        | Engulfed by a cloud of freezing vapour
  3481 | D        | Reached XP level 9. HP: -14/51 MP: 10/10
  3488 | D        | Noticed the 27-headed Lernaean hydra
  3490 | D        | Gained mutation: You passively map a small area around you.
                  | [potion of mutation]
  3490 | D        | Gained mutation: Your natural rate of healing is unusually
                  | fast. [potion of mutation]
  3490 | D        | Gained mutation: Your body sometimes deteriorates upon
                  | taking damage. [potion of mutation]
  3490 | D        | Gained mutation: You are partially covered in iridescent
                  | scales. (AC +2) [potion of mutation]
  3491 | D        | Noticed a deep elf master archer
  3492 | D        | Slain by the 27-headed Lernaean hydra

Illustrated notes

Levels and vault maps discovered:
D:        dungeon_sprint_1 [red_sonja_temple_1, red_sonja_temple_small_1]

Skill      XL: |  1  2  3  4  5  6  7  8  9 10 11 |
---------------+----------------------------------+-----
Stealth        | 8 12 17 18 19 20 21 23 | 23.9
Fighting       | 5 7 8 10 12 13 | 13.5
Dodging        | 7 9 11 13 16 17 | 17.2
Unarmed Combat | 5 7 8 10 12 13 | 13.5

Action                   |  1- 3 |  4- 6 |  7- 9 | 10-12 || total
-------------------------+-------+-------+-------+-------++-------
Melee: Unarmed           |     4 |    12 |    53 |    91 ||   160
       Bite              |       |     1 |     7 |    11 ||    19
       Punch             |       |       |     3 |     9 ||    12
Invok: Berserk           |     1 |     1 |     4 |     1 ||     7
       Trog's Hand       |       |       |     2 |     1 ||     3
       Brothers in Arms  |       |       |       |     4 ||     4
  Use: Potion            |       |     1 |     2 |       ||     3
       Scroll            |       |       |     1 |       ||     1
 Stab: Sleeping          |     1 |     3 |    11 |     9 ||    24
Armor: Skin              |       |       |     4 |     3 ||     7
Dodge: Dodged            |     3 |     7 |    41 |    62 ||   113
